 Dungeon Crawl Stone Soup version 0.30.1-3-gfc49f6343a (webtiles) character file.

Game seed: 15829271626233094319

338 spardeous the Conjurer (level 6, -9/45 HPs)
             Began as a Demigod Conjurer on Aug 3, 2023.
             Mangled by a hornet (13 damage)
             ... on level 4 of the Dungeon.
             The game lasted 00:04:45 (4471 turns).

spardeous the Conjurer (Demigod Conjurer)           Turns: 4471, Time: 00:04:45

Health: -9/45      AC:  4    Str: 14    XL:     6   Next: 7%
Magic:  6/14       EV: 11    Int: 28    God:
Gold:   91         SH:  5    Dex: 12    Spells: 4/11 levels left

rFire   . . .        z - +0 demon blade
rCold   . . .        (no shield)
rNeg    . . .        t - +0 leather armour
rPois   .            r - +0 helmet
rElec   .            (no cloak)
rCorr   .            (no gloves)
SInv    .            (no boots)
Will    .....        g - amulet of reflection
Stlth   ++           k - +6 ring of strength
HPRegen 0.27/turn    (no ring)
MPRegen 0.14/turn

%: reflection
@: lethally poisoned (-9 -> -23), slowed, very slow
A: high MP 1, forlorn, divine attributes
a: no special abilities


You were on level 4 of the Dungeon.
You visited 1 branch of the dungeon, and saw 4 of its levels.

You collected 187 gold pieces.
You spent 96 gold pieces at shops.

Inventory:

Hand Weapons
 z - a +0 demon blade (weapon)
Armour
 a - a +0 robe
 r - a +0 helmet (worn)
 t - a +0 leather armour (worn)
Jewellery
 g - an amulet of reflection (around neck)
 k - a +6 ring of strength (left hand)
 p - a ring of wizardry
Wands
 x - a wand of paralysis (8)
Scrolls
 c - 2 scrolls of summoning
 d - 3 scrolls of teleportation
 h - a scroll of enchant armour
 i - a scroll of vulnerability
 j - a scroll of immolation
 m - a scroll of blinking
 u - 2 scrolls of enchant weapon {unknown}
 w - 2 scrolls of noise {unknown}
 y - a scroll of poison {unknown}
Potions
 b - a potion of magic
 e - 2 potions of might {unknown}
 f - 3 potions of cancellation {unknown}
 l - a potion of invisibility
 n - 2 potions of degeneration {unknown}
 o - a potion of curing
 q - a potion of attraction
 s - a potion of haste {unknown}
 v - a potion of mutation {unknown}


   Skills:
 - Level 1.7 Dodging
 - Level 1.7 Stealth
 - Level 3.4 Spellcasting
 * Level 6.1 Conjurations
 + Level 0.0 Translocations


You had 4 spell levels left.
You knew the following spells:

 Your Spells              Type           Power      Damage    Failure   Level
a - Magic Dart            Conj           100%       1d8       1%          1
b - Searing Ray           Conj           78%        2d7       1%          2
c - Iskenderun's Mystic   Conj/Tloc      21%        2d6       28%         4

Your spell library contained the following spells:

 Spells                   Type           Power      Damage    Failure   Level
 Dazzling Flash           Conj/Hex       42%        N/A       9%          3
 Fulminant Prism          Conj/Hex       10%        3d8       28%         4
 Portal Projectile        Hex/Tloc       8%         N/A       30%         3
 Tukima's Dance           Hex            4%         N/A       30%         3
 Blade Hands              Tmut           2%         N/A       95%         5


Dungeon Overview and Level Annotations

Branches:
Dungeon (4/15)
 Temple: D:4-7

Shops:
D:3 ?


Innate Abilities, Weirdness & Mutations

You have an increased reservoir of magic. (+10% MP)
You shall have no god before yourself.
Your divine heritage dramatically boosts your attributes as you level up.


Message History

The hornet is moderately wounded.
You now have 10/14 mp.
The searing ray hits the hornet!
The hornet is heavily wounded.
You block the hornet's attack. The hornet stings you.
You feel yourself slow down.
You take 4 damage, and have 41/45 hp.
You now have 9/14 mp.
The searing ray misses the hornet.
You finish channelling your searing ray.
You feel yourself speed up. The hornet closely misses you. x2
You now have 8/14 mp.
Casting: Searing Ray (safe; 1% risk of failure)
Confirm with . or Enter, or press ? or * to list all spells.
Aiming: Searing Ray (safe; 1% risk of failure)
Press: ? - help, Shift-Dir - straight line, f/p - hornet
Aim: a hornet (heavily wounded, 71% to hit)
The searing ray hits the hornet.
The hornet is severely wounded. (Press . to maintain the ray.)
The hornet stings you!
You are poisoned.
You feel yourself slow down.
You take 9 damage, and have 33/45 hp.
You now have 6/14 mp.
The searing ray hits the hornet!
The hornet is almost dead.
You feel very sick. The hornet stings you.
You suddenly lose the ability to move!
The hornet stings you.
You feel as though you will be slow longer.
The hornet stings you!
* * * LOW HITPOINT WARNING * * *
You are lethally poisoned!
You feel as though you will be slow longer.
You can move again.
You take 23 damage, and have 10/45 hp.
MASSIVE DAMAGE!!
* * * LOW HITPOINT WARNING * * *
You feel extremely sick. The hornet stings you!
You die...

#..#...#.#...........>.##
#.#.....#................
#.#.~~~.#................
#.#~...~#................
#.#~._.~#................
#.#~...~#......)......#.#
#.#.~~~.#.............#..
#.#.....#.............+ .
##.#...#@y......#.....#
##.#.#...#########.#.#
#..#.#.## #.#..y #.#.#..#
#.. .. #.....## #### .
#######


You could see a hornet.

Vanquished Creatures
  A hound (D:4)
  A jelly (D:4)
  An iguana (D:4)
  Ijyb (D:4)
  2 orc wizards
  3 gnolls (D:4)
  6 adders
  A worm (D:3)
  2 dart slugs (D:2)
  4 orcs
  7 endoplasms
  3 giant cockroaches
  9 goblins
  9 hobgoblins
  3 jackals (D:1)
  11 kobolds
  3 quokkas
  4 ball pythons
  8 bats
  7 rats
86 creatures vanquished.

Notes
Turn   | Place    | Note
-------+----------+-------------------------------------------
     0 | D:1      | spardeous the Demigod Conjurer began the quest for the Orb.
     0 | D:1      | Reached XP level 1. HP: 14/14 MP: 5/5
   571 | D:1      | Reached XP level 2. HP: 20/20 MP: 4/7
   640 | D:1      | Reached skill level 4 in Conjurations
  1365 | D:2      | Reached XP level 3. HP: 14/26 MP: 1/9
  2114 | D:2      | Learned a level 2 spell: Searing Ray
  2233 | D:2      | Reached XP level 4. HP: 33/33 MP: 7/10
  2955 | D:3      | Reached skill level 5 in Conjurations
  3140 | D:3      | Found Egym Hig's Magic Scroll Emporium.
  3148 | D:3      | Bought a scroll of identify for 24 gold pieces
  3148 | D:3      | Bought a scroll of identify for 24 gold pieces
  3148 | D:3      | Bought a scroll of identify for 24 gold pieces
  3148 | D:3      | Bought a scroll of identify for 24 gold pieces
  3759 | D:3      | Reached XP level 5. HP: 14/38 MP: 2/12
  3970 | D:4      | Noticed Ijyb
  3973 | D:4      | Paralysed by Ijyb for 2 turns
  3988 | D:4      | Killed Ijyb
  4231 | D:4      | Reached skill level 6 in Conjurations
  4232 | D:4      | Reached XP level 6. HP: 45/45 MP: 9/14
  4425 | D:4      | Noticed a hornet
  4463 | D:4      | Learned a level 4 spell: Iskenderun's Mystic Blast
  4470 | D:4      | Paralysed by a hornet for 1 turns
  4471 | D:4      | Mangled by a hornet

Illustrated notes

Levels and vault maps discovered:
D:1:      lemuel_arrival_lava_pool, layout_basic, chequers_hall_statues_wall_a,
          minmay_misc_feat_chi, minivault_23
D:2:      minmay_chambers_of_twos, layout_loops_ring, corexii_corridor_pit
D:3:      layout_loops_corners, bloody_makhleb, grunt_temple_overflow_open,
          serial_shops, shop
D:4:      layout_rooms, fedhas_altar_fruit_tree, nicolae_ru_awakened_eye,
          mainiacjoe_overflow_tiny_flanked, evilmike_ruin_ashenzari, uniq_ijyb,
          uniq_pargi

Skill      XL: |  1  2  3  4  5 |
---------------+----------------+-----
Spellcasting   | 2 3 |  3.4
Conjurations   | 4 5 6 |  6.1
Dodging        | |  1.7
Stealth        | |  1.7

Action                     |  1- 3 |  4- 6 || total
---------------------------+-------+-------++-------
  Melee: Unarmed           |     6 |       ||     6
         Demon blade       |       |     7 ||     7
   Cast: Magic Dart        |    93 |    85 ||   178
         Searing Ray       |       |    12 ||    12
    Use: Scroll            |       |     9 ||     9
   Stab: Distracted        |       |     1 ||     1
 Armour: Robe              |     4 |       ||     4
         Leather armour    |       |     7 ||     7
  Dodge: Dodged            |    24 |     9 ||    33
  Block: Other             |     2 |     9 ||    11
         Reflection        |     1 |     1 ||     2
